| TOP OF THE 1ST |
|
San Jose Giants batting - Pitching for Tennessee Smokies : RHP Rashid bin Ala'
|
|
Pitching: RHP Rashid bin Ala'
|
|
|
Batting: LHB Pat Aviles
|
0-0: Swinging Strike 0-1: Ball 1-1: DOUBLE (Flyball, 7LM, EV 105.0 MPH)
|
|
Batting: RHB Danny Gallo
|
0-0: Swinging Strike 0-1: Ball 1-1: Ball 2-1: Foul Ball, location: 2F 2-2: Ball Wild Pitch! Pat Aviles to third 3-2: Strikes out swinging
|
|
Batting: LHB Carey Horncole
|
0-0: Ball 1-0: Swinging Strike 1-1: Ball 2-1: Fly out, F4 (Flyball, 3D, EV 96.9 MPH)
|
|
Batting: RHB Mike Buchanan
|
0-0: SINGLE (Line Drive, 5D, EV 95.6 MPH) Pat Aviles scores
|
|
Batting: RHB Chris King
|
0-0: Called Strike Mike Buchanan is caught stealing 2nd base 2-4
|
| Top of the 1st over - 1 run, 2 hits, 0 errors, 0 left on base; San Jose 1 - Tennessee 0 |
| BOTTOM OF THE 1ST |
|
Tennessee Smokies batting - Pitching for San Jose Giants : RHP Israel Alvarado
|
|
Pitching: RHP Israel Alvarado
|
|
|
Batting: LHB Brent Dutcher
|
0-0: Ball 1-0: Foul Ball, location: 2F 1-1: Foul Ball, location: 2F 1-2: Ground out 1-3 (Groundball, 15S, EV 71.9 MPH)
|
|
Batting: RHB Heef Harted
|
0-0: Ball 1-0: Ball 2-0: Foul Ball, location: 2F 2-1: Swinging Strike 2-2: Strikes out swinging
|
|
Batting: RHB Bobby Gray
|
0-0: Called Strike 0-1: Called Strike 0-2: Foul Ball, location: 2F 0-2: Ball 1-2: Strikes out swinging
|
| Bottom of the 1st over - 0 runs, 0 hits, 0 errors, 0 left on base; San Jose 1 - Tennessee 0 |
| TOP OF THE 2ND |
|
San Jose Giants batting - Pitching for Tennessee Smokies : RHP Rashid bin Ala'
|
|
Batting: RHB Chris King
|
0-0: Called Strike 0-1: Ball 1-1: Foul Ball, location: 2F 1-2: Foul Ball, location: 2F 1-2: Ball 2-2: Ground out 1-3 (Groundball, 13S, EV 75.0 MPH)
|
|
Pitching: RHP Bob Gilliam
|
|
|
Batting: RHB Justin Baldwin
|
0-0: Ball 1-0: Ball 2-0: Ball 3-0: Base on Balls
|
|
Batting: LHB Tony Galvan
|
0-0: Ball 1-0: Foul Ball, location: 2F 1-1: Swinging Strike 1-2: Fielders Choice at 2nd, 1-4 (Groundball, 15S, EV 70.6 MPH)
|
|
Batting: RHB Adam Solesbee
|
0-0: Called Strike 0-1: Ball Tony Galvan is caught stealing 2nd base 2-4
|
| Top of the 2nd over - 0 runs, 0 hits, 0 errors, 0 left on base; San Jose 1 - Tennessee 0 |
| BOTTOM OF THE 2ND |
|
Tennessee Smokies batting - Pitching for San Jose Giants : RHP Israel Alvarado
|
|
Batting: LHB Brian Newton
|
0-0: Ball 1-0: Called Strike 1-1: Foul Ball, location: 2F 1-2: Strikes out looking
|
|
Batting: RHB Nick Kleckner
|
0-0: Ball 1-0: Called Strike 1-1: SINGLE (Flyball, 89S, EV 89.4 MPH)
|
|
Batting: RHB Brian Warren
|
0-0: Ball 1-0: Foul Ball, location: 2F 1-1: Fly out, F9 (Flyball, 89M, EV 96.3 MPH)
|
|
Batting: RHB John Iddings
|
0-0: Called Strike 0-1: Ball 1-1: Foul Ball, location: 2F 1-2: Fly out, F7 (Flyball, 78S, EV 81.3 MPH)
|
| Bottom of the 2nd over - 0 runs, 1 hit, 0 errors, 1 left on base; San Jose 1 - Tennessee 0 |
| TOP OF THE 3RD |
|
San Jose Giants batting - Pitching for Tennessee Smokies : RHP Bob Gilliam
|
|
Batting: RHB Adam Solesbee
|
0-0: Ball 1-0: Foul Ball, location: 2F 1-1: Called Strike 1-2: Ball 2-2: Ground out 4-3 (Groundball, 4, EV 83.1 MPH)
|
|
Batting: RHB Devin Lowery
|
0-0: Ball 1-0: SINGLE (Groundball, 5S, EV 69.4 MPH) (infield hit)
|
|
Batting: LHB Pat Aviles
|
0-0: Grounds into double play, 4-6-3 (Groundball, 4, EV 106.3 MPH)
|
| Top of the 3rd over - 0 runs, 1 hit, 0 errors, 0 left on base; San Jose 1 - Tennessee 0 |
| BOTTOM OF THE 3RD |
|
Tennessee Smokies batting - Pitching for San Jose Giants : RHP Israel Alvarado
|
|
Batting: RHB Sean Espejo
|
0-0: Ball 1-0: Ball 2-0: Called Strike 2-1: Swinging Strike 2-2: Foul Ball, location: 2F 2-2: SINGLE (Groundball, 4S, EV 68.1 MPH) (infield hit)
|
|
Batting: RHB Vij Ramamani
|
0-0: SINGLE (Line Drive, 9S, EV 91.3 MPH) Sean Espejo to second
|
|
Batting: LHB Brent Dutcher
|
0-0: Called Strike 0-1: Ball 1-1: SINGLE (Groundball, 6M, EV 99.4 MPH) (infield hit) Sean Espejo to third Vij Ramamani to second
|
|
Pinch Runner at 1st Heitaro Tanaka:
|
|
|
Batting: RHB Heef Harted
|
0-0: Ball 1-0: Called Strike 1-1: Swinging Strike 1-2: Foul Ball, location: 2F 1-2: Fly out, F4 (Popup, 4MD, EV 50.6 MPH)
|
|
Batting: RHB Bobby Gray
|
0-0: Foul Ball, location: 2F 0-1: Ball 1-1: SINGLE (Groundball, 6M, EV 100.0 MPH) Sean Espejo scores Vij Ramamani to third Heitaro Tanaka to second Runner from 3rd tries for Home, throw by CF and OUT! 8-2
|
|
Batting: LHB Brian Newton
|
0-0: Ball 1-0: Foul Ball, location: 2F 1-1: Fly out, F8 (Flyball, 8RXD, EV 94.4 MPH)
|
| Bottom of the 3rd over - 1 run, 4 hits, 0 errors, 2 left on base; San Jose 1 - Tennessee 1 |
| TOP OF THE 4TH |
|
San Jose Giants batting - Pitching for Tennessee Smokies : RHP Bob Gilliam
|
|
Now at 2B: Heitaro Tanaka
|
|
|
Batting: RHB Danny Gallo
|
0-0: Foul Ball, location: 2F 0-1: Swinging Strike 0-2: Strikes out swinging, 2-3 out at first.
|
|
Batting: LHB Carey Horncole
|
0-0: Foul Ball, location: 2F 0-1: Foul Ball, location: 2F 0-2: Ball 1-2: Ball 2-2: Ground out 3-1 (Groundball, 34, EV 82.5 MPH)
|
|
Batting: RHB Mike Buchanan
|
0-0: SINGLE (Groundball, 4D, EV 101.3 MPH)
|
|
Batting: RHB Chris King
|
0-0: Ball Mike Buchanan steals 2nd base 1-0: Called Strike 1-1: Foul Ball, location: 2F 1-2: Ball 2-2: Reached on error, E5 (Groundball, 5, EV 82.5 MPH) Mike Buchanan to third
|
|
Batting: RHB Justin Baldwin
|
0-0: Ball 1-0: Ball 2-0: Foul Ball, location: 2F 2-1: Foul Ball, location: 2F 2-2: TRIPLE (Line Drive, 78XD, EV 107.5 MPH) Mike Buchanan scores Chris King scores
|
|
Batting: LHB Tony Galvan
|
0-0: Fly out, F7 (Flyball, 7S, EV 88.1 MPH)
|
| Top of the 4th over - 2 runs, 2 hits, 1 error, 1 left on base; San Jose 3 - Tennessee 1 |
| BOTTOM OF THE 4TH |
|
Tennessee Smokies batting - Pitching for San Jose Giants : RHP Israel Alvarado
|
|
Batting: RHB Nick Kleckner
|
0-0: Ball 1-0: Foul Ball, location: 2F 1-1: Called Strike 1-2: SINGLE (Line Drive, 8LS, EV 90.6 MPH)
|
|
Batting: RHB Brian Warren
|
0-0: Called Strike 0-1: Called Strike 0-2: Strikes out swinging
|
|
Batting: RHB John Iddings
|
0-0: Ball 1-0: Ball 2-0: Called Strike 2-1: TRIPLE (Flyball, 8LXD, EV 101.3 MPH) Nick Kleckner scores
|
|
Pitching: RHP Ignacio Gomez
|
|
|
Batting: RHB Sean Espejo
|
0-0: Ball 1-0: Foul Ball, location: 2F 1-1: Foul Ball, location: 2F 1-2: Strikes out looking
|
|
Batting: RHB Vij Ramamani
|
0-0: Called Strike 0-1: Swinging Strike 0-2: Ground out 5-3 (Groundball, 56S, EV 86.9 MPH)
|
| Bottom of the 4th over - 1 run, 2 hits, 0 errors, 1 left on base; San Jose 3 - Tennessee 2 |
| TOP OF THE 5TH |
|
San Jose Giants batting - Pitching for Tennessee Smokies : RHP Bob Gilliam
|
|
Batting: RHB Adam Solesbee
|
0-0: Ground out 5-3 (Groundball, 56S, EV 68.8 MPH)
|
|
Batting: RHB Devin Lowery
|
0-0: Called Strike 0-1: Ball 1-1: Ball 2-1: Foul Ball, location: 2F 2-2: Ball 3-2: Base on Balls
|
|
Batting: LHB Pat Aviles
|
0-0: Called Strike Devin Lowery steals 2nd, throwing error, E2 Devin Lowery to third 0-1: Called Strike 0-2: Ball 1-2: Ball 2-2: Foul Ball, location: 2F 2-2: Ball 3-2: Base on Balls
|
|
Batting: RHB Danny Gallo
|
0-0: Called Strike 0-1: Swinging Strike 0-2: Ball 1-2: Fielders Choice at 2nd, 1-4 (Groundball, 15S, EV 71.3 MPH)
|
|
Batting: LHB Carey Horncole
|
0-0: Fielders Choice at 2nd, 5-4 (Groundball, 5, EV 86.3 MPH)
|
| Top of the 5th over - 0 runs, 0 hits, 1 error, 2 left on base; San Jose 3 - Tennessee 2 |
| BOTTOM OF THE 5TH |
|
Tennessee Smokies batting - Pitching for San Jose Giants : RHP Ignacio Gomez
|
|
Batting: RHB Heitaro Tanaka
|
0-0: Ball 1-0: Called Strike 1-1: Ball 2-1: SINGLE (Line Drive, 5L, EV 95.6 MPH)
|
|
Batting: RHB Heef Harted
|
0-0: Foul Ball, location: 2F 0-1: Ball 1-1: Called Strike 1-2: Ball 2-2: Ball 3-2: Foul Ball, location: 2F 3-2: Fly out, F8 (Flyball, 8RD, EV 93.8 MPH)
|
|
Batting: RHB Bobby Gray
|
0-0: Ball 1-0: Ball 2-0: 2-RUN HOME RUN (Flyball, 7D, EV 98.1 MPH), Distance : 389 ft
|
|
Batting: LHB Brian Newton
|
0-0: Hit by Pitch
|
|
Batting: RHB Nick Kleckner
|
0-0: Called Strike 0-1: Ball 1-1: Foul Ball, location: 2F 1-2: Ball 2-2: Strikes out looking
|
|
Batting: RHB Brian Warren
|
0-0: Called Strike 0-1: Ball 1-1: Foul Ball, location: 2F 1-2: Strikes out swinging
|
| Bottom of the 5th over - 2 runs, 2 hits, 0 errors, 1 left on base; San Jose 3 - Tennessee 4 |
| TOP OF THE 6TH |
|
San Jose Giants batting - Pitching for Tennessee Smokies : RHP Bob Gilliam
|
|
Batting: RHB Mike Buchanan
|
0-0: Ball 1-0: Called Strike 1-1: Foul Ball, location: 2F 1-2: Ball 2-2: Strikes out swinging
|
|
Batting: RHB Chris King
|
0-0: Called Strike 0-1: Ball 1-1: Ball 2-1: Called Strike 2-2: Ball 3-2: Fly out, F6 (Flyball, 56D, EV 81.9 MPH)
|
|
Pitching: RHP Michele Montella
|
|
|
Batting: RHB Justin Baldwin
|
0-0: Called Strike 0-1: Ball 1-1: Ball 2-1: Ball 3-1: Base on Balls
|
|
Batting: LHB Tony Galvan
|
0-0: 2-RUN HOME RUN (Line Drive, 9D, EV 102.5 MPH), Distance : 398 ft
|
|
Batting: RHB Adam Solesbee
|
0-0: Ball 1-0: Ball 2-0: Foul Ball, location: 2F 2-1: Swinging Strike 2-2: Ball 3-2: Strikes out swinging, 2-3 out at first.
|
| Top of the 6th over - 2 runs, 1 hit, 0 errors, 0 left on base; San Jose 5 - Tennessee 4 |
| BOTTOM OF THE 6TH |
|
Tennessee Smokies batting - Pitching for San Jose Giants : RHP Ignacio Gomez
|
|
Batting: RHB John Iddings
|
0-0: Ball 1-0: Swinging Strike 1-1: Swinging Strike 1-2: Ball 2-2: Strikes out looking
|
|
Batting: RHB Sean Espejo
|
0-0: Called Strike 0-1: Ball 1-1: Ball 2-1: Called Strike 2-2: Reached on error, E6 (Groundball, 6, EV 86.3 MPH)
|
|
Batting: RHB Vij Ramamani
|
0-0: Ball 1-0: Called Strike 1-1: Ball Sean Espejo steals 2nd base 2-1: SINGLE (Groundball, 25, EV 68.8 MPH) (infield hit) Sean Espejo to third
|
|
Batting: RHB Heitaro Tanaka
|
0-0: Ball Vij Ramamani is caught stealing 2nd base 2-4 1-0: Ball 2-0: Foul Ball, location: 2F 2-1: Fly out, F5 (Line Drive, 5, EV 65.0 MPH)
|
| Bottom of the 6th over - 0 runs, 1 hit, 1 error, 1 left on base; San Jose 5 - Tennessee 4 |
| TOP OF THE 7TH |
|
San Jose Giants batting - Pitching for Tennessee Smokies : RHP Michele Montella
|
|
Batting: RHB Devin Lowery
|
0-0: Called Strike 0-1: Swinging Strike 0-2: SINGLE (Groundball, 6MD, EV 93.8 MPH)
|
|
Batting: LHB Pat Aviles
|
0-0: Called Strike 0-1: Called Strike Devin Lowery steals 2nd base (no throw) 0-2: Foul Ball, location: 2F 0-2: Ball 1-2: Fly out, F9 (Flyball, 9LS, EV 86.3 MPH)
|
|
Batting: RHB Danny Gallo
|
0-0: Called Strike Devin Lowery is caught stealing 3rd base 2-5 0-1: Swinging Strike 0-2: Ball 1-2: Strikes out swinging
|
| Top of the 7th over - 0 runs, 1 hit, 0 errors, 0 left on base; San Jose 5 - Tennessee 4 |
| BOTTOM OF THE 7TH |
|
Tennessee Smokies batting - Pitching for San Jose Giants : RHP Ignacio Gomez
|
|
Pitching: LHP Tommy McCusker
|
|
|
Batting: RHB Heef Harted
|
0-0: Called Strike 0-1: Called Strike 0-2: Ball 1-2: Ball 2-2: Foul Ball, location: 2F 2-2: Fly out, F7 (Flyball, 7LM, EV 102.5 MPH)
|
|
Batting: RHB Bobby Gray
|
0-0: Ball 1-0: Ball 2-0: Ball 3-0: Base on Balls
|
|
Batting: LHB Brian Newton
|
0-0: Foul Ball, location: 2F 0-1: Swinging Strike 0-2: Ball 1-2: Strikes out looking
|
|
Batting: RHB Nick Kleckner
|
0-0: Ball 1-0: Foul Ball, location: 2F 1-1: Foul Ball, location: 2F 1-2: Ball 2-2: Strikes out looking
|
| Bottom of the 7th over - 0 runs, 0 hits, 0 errors, 1 left on base; San Jose 5 - Tennessee 4 |
| TOP OF THE 8TH |
|
San Jose Giants batting - Pitching for Tennessee Smokies : RHP Michele Montella
|
|
Pitching: RHP Heriberto Esquivel
|
|
|
Batting: LHB Carey Horncole
|
0-0: Foul Ball, location: 2F 0-1: Ball 1-1: Called Strike 1-2: Strikes out swinging
|
|
Batting: RHB Mike Buchanan
|
0-0: Ball 1-0: Foul Ball, location: 2F 1-1: Fly out, F7 (Line Drive, 7, EV 94.4 MPH)
|
|
Batting: RHB Chris King
|
0-0: Ball 1-0: Ball 2-0: Foul Ball, location: 2F 2-1: Ball 3-1: Base on Balls
|
|
Batting: RHB Justin Baldwin
|
0-0: SINGLE (Groundball, 56D, EV 106.3 MPH) Chris King to second
|
|
Batting: LHB Tony Galvan
|
0-0: Called Strike 0-1: Ball 1-1: Fielders Choice at 2nd, 6-4 (Groundball, 6, EV 80.6 MPH)
|
| Top of the 8th over - 0 runs, 1 hit, 0 errors, 2 left on base; San Jose 5 - Tennessee 4 |
| BOTTOM OF THE 8TH |
|
Tennessee Smokies batting - Pitching for San Jose Giants : LHP Tommy McCusker
|
|
Pitching: RHP Phil Holmes
|
|
|
Batting: RHB Brian Warren
|
0-0: Called Strike 0-1: Ball 1-1: Ball 2-1: Ball 3-1: Base on Balls
|
|
Batting: RHB John Iddings
|
0-0: Sac Bunt to 15S - play at first, batter OUT! 1-4 Brian Warren to second
|
|
Batting: RHB Sean Espejo
|
0-0: Ground out 4-3 (Groundball, 4MS, EV 91.9 MPH) Brian Warren to third
|
|
Batting: RHB Vij Ramamani
|
0-0: Called Strike 0-1: Foul Ball, location: 2F 0-2: Ball 1-2: DOUBLE (Flyball, 8LXD, EV 98.8 MPH) Brian Warren scores
|
|
Batting: RHB Heitaro Tanaka
|
0-0: Swinging Strike 0-1: Ball 1-1: Ball 2-1: Fly out, F7 (Flyball, 78XD, EV 95.0 MPH)
|
| Bottom of the 8th over - 1 run, 1 hit, 0 errors, 1 left on base; San Jose 5 - Tennessee 5 |
| TOP OF THE 9TH |
|
San Jose Giants batting - Pitching for Tennessee Smokies : RHP Heriberto Esquivel
|
|
Batting: LHB Gabe Velez
|
0-0: Called Strike 0-1: Swinging Strike 0-2: Strikes out looking
|
|
Batting: RHB Devin Lowery
|
0-0: Ball 1-0: Ball 2-0: Ball 3-0: Base on Balls
|
|
Batting: LHB Pat Aviles
|
0-0: Ball Devin Lowery is caught stealing 2nd base 2-6 1-0: Ball 2-0: Ball 3-0: Called Strike 3-1: Foul Ball, location: 2F 3-2: Ground out 1-4-3 (Groundball, 15S, EV 96.9 MPH)
|
| Top of the 9th over - 0 runs, 0 hits, 0 errors, 0 left on base; San Jose 5 - Tennessee 5 |
| BOTTOM OF THE 9TH |
|
Tennessee Smokies batting - Pitching for San Jose Giants : RHP Phil Holmes
|
|
Pitching: RHP Josh Harriston
|
|
|
Batting: RHB Heef Harted
|
0-0: Foul Ball, location: 2F 0-1: Called Strike 0-2: Foul Ball, location: 2F 0-2: Ball 1-2: Strikes out looking
|
|
Batting: RHB Bobby Gray
|
0-0: Ball 1-0: Foul Ball, location: 2F 1-1: Ball 2-1: Ball 3-1: Foul Ball, location: 2F 3-2: Ground out 4-3 (Groundball, 4MD, EV 111.3 MPH)
|
|
Batting: LHB Brian Newton
|
0-0: Called Strike 0-1: Called Strike 0-2: Ball 1-2: Foul Ball, location: 2F 1-2: Ball 2-2: Fly out, F8 (Flyball, 8RM, EV 80.6 MPH)
|
| Bottom of the 9th over - 0 runs, 0 hits, 0 errors, 0 left on base; San Jose 5 - Tennessee 5 |
| TOP OF THE 10TH |
|
San Jose Giants batting - Pitching for Tennessee Smokies : RHP Heriberto Esquivel
|
|
Batting: RHB Danny Gallo
|
0-0: Ball 1-0: Called Strike 1-1: Ball 2-1: Foul Ball, location: 2F 2-2: Ground out 6-3 (Groundball, 6MD, EV 88.1 MPH)
|
|
Batting: LHB Carey Horncole
|
0-0: Ball 1-0: Foul Ball, location: 2F 1-1: Called Strike 1-2: Strikes out swinging
|
|
Pinch Hitting: LHB Terry Ebersole
|
0-0: Ball 1-0: Ball 2-0: Foul Ball, location: 2F 2-1: Called Strike 2-2: Foul Ball, location: 2F 2-2: Foul Ball, location: 2F 2-2: Fly out, F5 (Popup, 5F, EV 76.9 MPH)
|
| Top of the 10th over - 0 runs, 0 hits, 0 errors, 0 left on base; San Jose 5 - Tennessee 5 |
| BOTTOM OF THE 10TH |
|
Tennessee Smokies batting - Pitching for San Jose Giants : RHP Josh Harriston
|
|
Now in CF: Pong-keun Koh
|
|
|
Batting: RHB Nick Kleckner
|
0-0: Called Strike 0-1: Ball 1-1: DOUBLE (Line Drive, 3D, EV 95.6 MPH)
|
|
Batting: RHB Brian Warren
|
0-0: Intentional Walk
|
|
Batting: RHB John Iddings
|
0-0: Ball 1-0: Sac Bunt to 13 - play at first, batter OUT! 1-4 Nick Kleckner to third Brian Warren to second
|
|
Batting: RHB Sean Espejo
|
0-0: Fly out, F6 (Popup, 15, EV 80.0 MPH)
|
|
Batting: RHB Vij Ramamani
|
0-0: Called Strike 0-1: Ball 1-1: Called Strike 1-2: Ball 2-2: Strikes out swinging
|
| Bottom of the 10th over - 0 runs, 1 hit, 0 errors, 2 left on base; San Jose 5 - Tennessee 5 |
| TOP OF THE 11TH |
|
San Jose Giants batting - Pitching for Tennessee Smokies : RHP Heriberto Esquivel
|
|
Batting: RHB Chris King
|
0-0: Called Strike 0-1: Foul Ball, location: 2F 0-2: Foul Ball, location: 2F 0-2: Ball 1-2: SINGLE (Groundball, 3D, EV 98.1 MPH)
|
|
Pitching: RHP Adrian Dorsi
|
|
|
Batting: RHB Justin Baldwin
|
0-0: Ball 1-0: Bunted foul 1-1: Bunted foul 1-2: Fielders Choice at 2nd, 6-4 (Groundball, 6, EV 85.6 MPH)
|
|
Batting: LHB Tony Galvan
|
0-0: Ball 1-0: Foul Ball, location: 2F 1-1: Called Strike 1-2: Strikes out swinging
|
|
Batting: LHB Gabe Velez
|
0-0: Swinging Strike 0-1: Called Strike 0-2: Strikes out looking
|
| Top of the 11th over - 0 runs, 1 hit, 0 errors, 1 left on base; San Jose 5 - Tennessee 5 |
| BOTTOM OF THE 11TH |
|
Tennessee Smokies batting - Pitching for San Jose Giants : RHP Josh Harriston
|
|
Batting: RHB Heitaro Tanaka
|
0-0: Called Strike 0-1: Swinging Strike 0-2: Ball 1-2: Ball 2-2: Foul Ball, location: 2F 2-2: Foul Ball, location: 2F 2-2: Ball 3-2: Base on Balls
|
|
Batting: RHB Heef Harted
|
0-0: Ball 1-0: Sac Bunt to P - play at first, batter OUT! 1-4 Heitaro Tanaka to second
|
|
Batting: RHB Bobby Gray
|
0-0: DOUBLE (Line Drive, 8LD, EV 86.9 MPH) Heitaro Tanaka scores
|
| Bottom of the 11th over - 1 run, 1 hit, 0 errors, 0 left on base; San Jose 5 - Tennessee 6 |
| |
|
Game Over ... Tennessee defeats San Jose, 6 to 5
|
|
|